Sabres vs Predators (R1)

Created - 15 décembre 2015 at 19:24

Goals
1 2 3 T
Sabres 1 2 0 3
Predators 1 2 1 4
Shots
1 2 3 T
Sabres 5 16 19 40
Predators 6 9 22 37

1st period

1. Sabres , Steve Downie 12 (Antoine Roussel, Sam Gagner) at 2:52 (PP)
2. Predators , Kris Vernarsky 7 (Alexander Edler, Ryan Mcdonagh) at 5:10

Penalties :
Andrei Markov (Nas) for Roughing (Minor) at 1:48, Barret Jackman (Nas) for Hooking (Minor) at 5:42, Barret Jackman (Nas) for Tripping (Minor) at 11:02

2nd period

3. Sabres , Derick Brassard 12 (Michael Rupp) at 1:24
4. Predators , Eric Nystrom 4 (Alexander Edler, Ryan Mcdonagh) at 2:27
5. Sabres , Daniel Cleary 5 (Michael Rupp, Joni Pitkanen) at 9:40
6. Predators , Michael Grabner 7 (Alexander Edler, Ryan Mcdonagh) at 12:16

Penalties :
Joni Pitkanen (Buf) for Roughing (Minor) at 2:30, Joni Pitkanen (Buf) for Tripping (Minor) at 6:20, Alexander Ovechkin (Nas) for Tripping (Minor) at 9:47, Michael Grabner (Nas) for Hooking (Minor) at 13:30

3rd period

7. Predators , Eric Nystrom 5 (Vitali Yachmenev, Erik Rasmussen) at 14:57

Penalties :
Ryan Hollweg (Buf) for Cross-checking (Minor) at 0:56, Adam Burish (Nas) for Hooking (Minor) at 3:44, Greg Campbell (Buf) for Holding (Minor) at 8:57, Vitali Yachmenev (Nas) for Interference (Minor) at 16:26

Goalie Stats

Michal Neuvirth (Buf), 33 saves from 37 shots - (0,892), L, 14-8-1, 58:56 minutes
Maxime Daigneault (Nas), 37 saves from 40 shots - (0,925), W, 12-6-0, 60:00 minutes

Players Stats for Sabres

Player Name              G  A  P  +/- PIM S  H  SB GA TA FO     MP     PP MP  PK MP  
------------------------------------------------------------------------------------
Antoine Roussel          0  1  1   0  0   1  2  0  2  0  0/0    14:35   5:59   0:00 
Daniel Cleary            1  0  1   0  0   3  0  0  0  0  0/1     7:41   0:07   1:37 
Derick Brassard          1  0  1   1  0   5  2  0  1  0  13/31  21:17   6:52   0:42 
Greg Campbell            0  0  0  -3  2   6  2  0  0  0  7/15   14:31   0:00   3:42 
Jay McKee                0  0  0  -1  0   1  1  1  0  1  0/0    21:30   5:27   3:24 
Johnny Boychuk           0  0  0  -1  0   5  0  1  0  1  0/0    21:19   5:27   3:24 
Jonas Hoglund            0  0  0  -3  0   1  3  1  0  0  1/1     9:08   0:00   0:00 
Joni Pitkanen            0  1  1   0  4   2  1  1  0  1  0/0    24:04   7:31   2:38 
Michael Rupp             0  2  2  -3  0   1  0  0  0  1  1/1    11:06   0:27   1:20 
Mike Fisher              0  0  0   0  0   2  0  0  0  0  1/2     8:30   0:00   1:49 
Mike Leclerc             0  0  0   0  0   0  2  2  0  1  0/0    11:38   0:00   4:47 
Nathan Paetsch           0  0  0  -1  0   1  2  1  1  0  0/0    13:05   0:00   0:17 
Niclas Bergfors          0  0  0   1  0   4  4  1  1  1  1/1    20:35   6:52   0:00 
Ole-Kristian Tollefsen   0  0  0   0  0   3  0  3  0  0  0/0    25:44   7:31   4:32 
Ryan Hollweg             0  0  0   1  2   2  3  0  1  1  1/1    22:01   6:39   0:12 
Sam Gagner               0  1  1   0  0   0  1  0  0  0  10/18  16:18   5:59   1:43 
Steve Downie             1  0  1   0  0   2  0  0  0  1  1/1    14:35   5:59   0:00 
Tyler Sloan              0  0  0  -1  0   1  1  2  0  1  0/0    14:23   0:00   1:37 

Players Stats for Predators

Player Name              G  A  P  +/- PIM S  H  SB GA TA FO     MP     PP MP  PK MP  
------------------------------------------------------------------------------------
Adam Burish              0  0  0   0  2   5  2  1  0  1  5/5    25:41   4:19   5:44 
Alexander Edler          0  3  3   3  0   4  1  4  2  0  0/0    28:30   4:39   7:00 
Alexander Ovechkin       0  0  0   0  2   7  2  2  2  1  2/2    21:35   4:19   1:38 
Alexander Steen          0  0  0   0  0   3  2  0  1  1  1/1    12:15   3:37   0:21 
Andrei Markov            0  0  0  -1  2   2  1  3  0  0  0/0    15:11   3:17   1:14 
Andy Miele               0  0  0   0  0   1  0  1  0  0  0/0     7:36   0:00   0:00 
Barret Jackman           0  0  0   0  4   1  0  0  0  0  0/0    15:27   0:00   4:07 
Brett Clark              0  0  0  -1  0   0  1  1  0  2  0/0    16:31   0:00   5:48 
Christian Ehrhoff        0  0  0   0  0   0  0  0  0  0  0/0    14:55   3:17   0:26 
Eric Nystrom             2  0  2   1  0   3  1  0  0  0  2/3    10:56   0:00   3:56 
Erik Rasmussen           0  1  1   1  0   1  3  0  0  0  0/3     6:55   0:00   0:32 
James Van Riemsdyk       0  0  0   1  0   0  1  0  0  0  1/1     8:01   0:00   0:00 
Joe Thornton             0  0  0   0  0   0  2  1  1  1  19/44  26:46   4:19   7:03 
Josef Vasicek            0  0  0   1  0   1  2  0  2  0  4/9    16:51   3:37   3:56 
Kris Vernarsky           1  0  1   0  0   2  0  0  0  0  2/4     7:36   0:00   0:00 
Michael Grabner          1  0  1   1  2   4  2  0  0  0  0/0    12:24   3:37   0:00 
Ryan Mcdonagh            0  3  3   3  0   2  4  1  1  0  0/0    30:21   4:39   7:21 
Vitali Yachmenev         0  1  1   1  2   1  2  1  0  0  0/0     9:24   0:00   2:46 

3 Stars

1 - Ryan Mcdonagh (Nas)
2 - Alexander Edler (Nas)
3 - Eric Nystrom (Nas)

Power Play

Sabres - 1 on 7 Attempt(s) - 14,29%
Predators - 0 on 4 Attempt(s) - 0,00%

Penalty Kill

Sabres - 4 on 4 Attempt(s) - 100,00% - Score 0 goal in Penalty Kill
Predators - 6 on 7 Attempt(s) - 85,71% - Score 0 goal in Penalty Kill

Team Stat

Sabres - Hits : 24 - Faceoff Wins : 36 - Blocked Shots : 13 - Penalty Minutes : 8
Predators - Hits : 26 - Faceoff Wins : 36 - Blocked Shots : 15 - Penalty Minutes : 14

Official

Referees : Meier Brad and LaRue Dennis
Linesman : Brian Mach and Lonnie Cameron

Game Notes

No Game Note

Finance

Level 1 -- Attendance: 5001 (83,35%) -- Ticket Income 440 088 $
Level 2 -- Attendance: 5000 (100,00%) -- Ticket Income 265 000 $
Level 3 -- Attendance: 1634 (81,70%) -- Ticket Income 53 922 $
Level 4 -- Attendance: 2767 (69,18%) -- Ticket Income 66 408 $
Luxury Box -- Attendance: 694 (69,40%) -- Ticket Income 127 696 $
Game was played at the Wildcat center'
Total Attendance: 15096 (83,87%)
Total Ticket Income: 953 114 $
Other Income: 142 967 $
Total Income: 1 096 081 $

Sabres

5 vs 5 Forward 
   Center                   Left Wing                Right Wing               Time % Phy DF OF 
 1 Derick Brassard          Ryan Hollweg             Niclas Bergfors          40     1   2  2  
 2 Sam Gagner               Antoine Roussel          Steve Downie             30     1   2  2  
 3 Greg Campbell            Michael Rupp             Jonas Hoglund            20     1   3  1  
 4 Mike Fisher              Mike Leclerc             Daniel Cleary            10     1   3  1  

5 vs 5 Defense 
   Defense                  Defense                                           Time % Phy DF OF 
 1 Ole-Kristian Tollefsen   Joni Pitkanen                                     30     1   3  1  
 2 Johnny Boychuk           Jay McKee                                         30     1   3  1  
 3 Nathan Paetsch           Tyler Sloan                                       30     1   3  1  
 4 Ole-Kristian Tollefsen   Joni Pitkanen                                     10     1   2  2  

PowerPlay Forward 
   Center                   Left Wing                Right Wing               Time % Phy DF OF 
 1 Derick Brassard          Ryan Hollweg             Niclas Bergfors          60     1   1  3  
 2 Sam Gagner               Antoine Roussel          Steve Downie             40     1   1  3  

PowerPlay Defense
   Defense                  Defense                                           Time % Phy DF OF 
 1 Ole-Kristian Tollefsen   Joni Pitkanen                                     60     1   2  2  
 2 Johnny Boychuk           Jay McKee                                         40     1   2  2  

Penalty Kill 4 Players Forward 
   Center                   Wing                     Time % Phy DF OF 
 1 Greg Campbell            Mike Leclerc             60     1   4  0  
 2 Mike Fisher              Daniel Cleary            40     1   4  0  

Penalty Kill 4 Players Defense
   Defense                  Defense                  Time % Phy DF OF 
 1 Ole-Kristian Tollefsen   Joni Pitkanen            60     1   2  2  
 2 Johnny Boychuk           Jay McKee                40     1   2  2  

Penalty Kill - 3 Players Forward 
   Forward                                           Time % Phy DF OF 
 1 Mike Leclerc                                      60     1   4  0  
 2 Daniel Cleary                                     40     1   4  0  

Penalty Kill - 3 Players Defense
   Defense                  Defense                  Time % Phy DF OF 
 1 Ole-Kristian Tollefsen   Joni Pitkanen            60     1   4  0  
 2 Johnny Boychuk           Jay McKee                40     1   4  0  

4 vs 4 Forward 
   Center                   Wing                     Time % Phy DF OF 
 1 Niclas Bergfors          Derick Brassard          60     1   2  2  
 2 Steve Downie             Antoine Roussel          40     1   2  2  

4 vs 4 Defense
   Defense                  Defense                  Time % Phy DF OF 
 1 Ole-Kristian Tollefsen   Joni Pitkanen            60     1   3  1  
 2 Johnny Boychuk           Jay McKee                40     1   3  1  

Last Minutes Offensive
   Center                   Left Wing                Right Wing               Defense                  Defense                  
   Derick Brassard          Ryan Hollweg             Niclas Bergfors          Ole-Kristian Tollefsen   Joni Pitkanen            

Last Minutes Defensive
   Center                   Left Wing                Right Wing               Defense                  Defense                  
   Derick Brassard          Ryan Hollweg             Niclas Bergfors          Ole-Kristian Tollefsen   Joni Pitkanen            

Goaltenders
Starting : Michal Neuvirth          
Backup : Jonas Hiller             

Extra Forwards
Normal : Michael Rupp, Daniel Cleary, Mike Leclerc - PP : Michael Rupp, Daniel Cleary - PK : Mike Leclerc
Extra Defensemen
Normal : Nathan Paetsch, Tyler Sloan, Johnny Boychuk - PP : Nathan Paetsch - PK : Tyler Sloan, Johnny Boychuk
Penalty Shots
Niclas Bergfors, Derick Brassard, Steve Downie, Jonas Hoglund, Ryan Hollweg

Predators

5 vs 5 Forward 
   Center                   Left Wing                Right Wing               Time % Phy DF OF 
 1 Joe Thornton             Alexander Ovechkin       Adam Burish              38     1   2  2  
 2 Josef Vasicek            James Van Riemsdyk       Michael Grabner          28     1   2  2  
 3 Kris Vernarsky           Alexander Steen          Andy Miele               18     1   2  2  
 4 Erik Rasmussen           Eric Nystrom             Vitali Yachmenev         16     1   2  2  

5 vs 5 Defense 
   Defense                  Defense                                           Time % Phy DF OF 
 1 Alexander Edler          Ryan Mcdonagh                                     40     1   2  2  
 2 Christian Ehrhoff        Barret Jackman                                    30     1   2  2  
 3 Andrei Markov            Brett Clark                                       20     1   2  2  
 4 Andrei Markov            Ryan Mcdonagh                                     10     1   2  2  

PowerPlay Forward 
   Center                   Left Wing                Right Wing               Time % Phy DF OF 
 1 Joe Thornton             Alexander Ovechkin       Adam Burish              60     1   2  2  
 2 Josef Vasicek            Alexander Steen          Michael Grabner          40     1   2  2  

PowerPlay Defense
   Defense                  Defense                                           Time % Phy DF OF 
 1 Alexander Edler          Ryan Mcdonagh                                     60     1   2  2  
 2 Andrei Markov            Christian Ehrhoff                                 40     1   2  2  

Penalty Kill 4 Players Forward 
   Center                   Wing                     Time % Phy DF OF 
 1 Joe Thornton             Adam Burish              60     1   2  2  
 2 Josef Vasicek            Eric Nystrom             40     1   2  2  

Penalty Kill 4 Players Defense
   Defense                  Defense                  Time % Phy DF OF 
 1 Alexander Edler          Ryan Mcdonagh            60     1   2  2  
 2 Brett Clark              Barret Jackman           40     1   2  2  

Penalty Kill - 3 Players Forward 
   Forward                                           Time % Phy DF OF 
 1 Josef Vasicek                                     60     1   2  2  
 2 Eric Nystrom                                      40     1   2  2  

Penalty Kill - 3 Players Defense
   Defense                  Defense                  Time % Phy DF OF 
 1 Alexander Edler          Ryan Mcdonagh            60     1   2  2  
 2 Brett Clark              Barret Jackman           40     1   2  2  

4 vs 4 Forward 
   Center                   Wing                     Time % Phy DF OF 
 1 Joe Thornton             Alexander Ovechkin       60     1   2  2  
 2 Josef Vasicek            Alexander Steen          40     1   2  2  

4 vs 4 Defense
   Defense                  Defense                  Time % Phy DF OF 
 1 Alexander Edler          Ryan Mcdonagh            55     1   2  2  
 2 Christian Ehrhoff        Barret Jackman           45     1   2  2  

Last Minutes Offensive
   Center                   Left Wing                Right Wing               Defense                  Defense                  
   Joe Thornton             Alexander Ovechkin       Michael Grabner          Alexander Edler          Ryan Mcdonagh            

Last Minutes Defensive
   Center                   Left Wing                Right Wing               Defense                  Defense                  
   Joe Thornton             Alexander Ovechkin       Adam Burish              Brett Clark              Ryan Mcdonagh            

Goaltenders
Starting : Maxime Daigneault        
Backup : Ray Emery                

Extra Forwards
Normal : Michael Grabner, Alexander Steen, Joe Thornton - PP : Michael Grabner, Alexander Steen - PK : Vitali Yachmenev
Extra Defensemen
Normal : Alexander Edler, Ryan Mcdonagh, Christian Ehrhoff - PP : Ryan Mcdonagh - PK : Brett Clark, Ryan Mcdonagh
Penalty Shots
Alexander Ovechkin, Joe Thornton, Michael Grabner, Josef Vasicek, Alexander Steen

% Time on Ice - Sabres

Lines # - Real PCT - Wanted PCT - Time Play
Normal Forward
1 - 38% - 40% - 14:15
2 - 23% - 30% - 8:36
3 - 24% - 20% - 9:08
4 - 16% - 10% - 5:55
Normal Defense
1 - 31% - 30% - 11:54
2 - 33% - 30% - 12:28
3 - 33% - 30% - 12:39
4 - 2% - 10% - 0:53
PP Forward
1 - 54% - 60% - 6:59
2 - 46% - 40% - 5:59
PP Defense
1 - 58% - 60% - 7:31
2 - 42% - 40% - 5:27
PK Forward
1 - 80% - 60% - 6:19
2 - 20% - 40% - 1:37
PK Defense
1 - 64% - 60% - 5:06
2 - 36% - 40% - 2:50
PK3 Forward
1 - 0% - 60%
2 - 0% - 40%
PK3 Defense
1 - 0% - 60%
2 - 0% - 40%
44 Forward
1 - 0% - 60%
2 - 0% - 40%
44 Defense
1 - 0% - 60%
2 - 0% - 40%
Last Minute Offensive  - 1:12
Last Minute Defensive  - 0:00
Total
Forward - 60:00
Defense - 60:00

% Time on Ice - Predators

Lines # - Real PCT - Wanted PCT - Time Play
Normal Forward
1 - 38% - 38% - 14:34
2 - 25% - 28% - 9:27
3 - 20% - 18% - 7:36
4 - 16% - 16% - 6:14
Normal Defense
1 - 45% - 40% - 17:07
2 - 31% - 30% - 11:45
3 - 20% - 20% - 7:29
4 - 4% - 10% - 1:30
PP Forward
1 - 54% - 60% - 4:19
2 - 46% - 40% - 3:37
PP Defense
1 - 59% - 60% - 4:39
2 - 41% - 40% - 3:17
PK Forward
1 - 70% - 60% - 9:02
2 - 30% - 40% - 3:56
PK Defense
1 - 48% - 60% - 6:17
2 - 52% - 40% - 6:41
PK3 Forward
1 - 0% - 60%
2 - 0% - 40%
PK3 Defense
1 - 0% - 60%
2 - 0% - 40%
44 Forward
1 - 0% - 60%
2 - 0% - 40%
44 Defense
1 - 0% - 55%
2 - 0% - 45%
Last Minute Offensive  - 0:00
Last Minute Defensive  - 1:15
Total
Forward - 60:00
Defense - 60:00

Play by Play

1st period


0:01 of 1st period - Derick Brassard wins face-off versus Joe Thornton in neutral zone.
0:04 of 1st period - Ryan Mcdonagh is hit by Niclas Bergfors and loses puck.
0:27 of 1st period - Joni Pitkanen is hit by James Van Riemsdyk and loses puck.
0:47 of 1st period - Erik Rasmussen is hit by Jonas Hoglund and loses puck.
1:20 of 1st period - Wrist shot by Alexander Steen.
1:20 of 1st period - Stopped by Michal Neuvirth without a rebound.
1:21 of 1st period - Joe Thornton wins face-off versus Derick Brassard in Sabres zone.
1:26 of 1st period - Snap shot by Alexander Ovechkin.
1:26 of 1st period - Shot Blocked by Tyler Sloan.
1:28 of 1st period - Slapshot by Andrei Markov.
1:28 of 1st period - Deflect By Tyler Sloan.
1:28 of 1st period - Stopped by Michal Neuvirth with a rebound.
1:30 of 1st period - Snap shot by Adam Burish.
1:30 of 1st period - Stopped by Michal Neuvirth without a rebound.
1:31 of 1st period - Joe Thornton wins face-off versus Derick Brassard in Sabres zone.
1:48 of 1st period - Minor Penalty to Andrei Markov for Roughing.
1:49 of 1st period - Adam Burish wins face-off versus Derick Brassard in Predators zone.
2:27 of 1st period - Snap shot by Steve Downie.
2:27 of 1st period - Shot Blocked by Adam Burish.
2:40 of 1st period - Off-side.
2:41 of 1st period - Sam Gagner wins face-off versus Josef Vasicek in neutral zone.
2:52 of 1st period - Snap shot by Antoine Roussel.
2:52 of 1st period - Deflect By Steve Downie.
2:52 of 1st period - Goal by Steve Downie - Sabres : 1 - Predators : 0.
2:53 of 1st period - Sam Gagner wins face-off versus Josef Vasicek in neutral zone.
3:42 of 1st period - Kris Vernarsky is hit by Jonas Hoglund and loses puck.
4:06 of 1st period - Slapshot by Nathan Paetsch.
4:06 of 1st period - Shot Misses the Net.
4:18 of 1st period - Steve Downie is hit by Michael Grabner and loses puck.
4:41 of 1st period - Joni Pitkanen is hit by Andrei Markov and loses puck.
4:46 of 1st period - Snap shot by Joe Thornton.
4:46 of 1st period - Shot Misses the Net.
4:52 of 1st period - Wrist shot by Alexander Ovechkin.
4:52 of 1st period - Shot Misses the Net.
5:08 of 1st period - Slapshot by Alexander Edler.
5:08 of 1st period - Shot Misses the Net.
5:10 of 1st period - Snap shot by Kris Vernarsky.
5:10 of 1st period - Goal by Kris Vernarsky - Sabres : 1 - Predators : 1.
5:11 of 1st period - Sam Gagner wins face-off versus Joe Thornton in neutral zone.
5:14 of 1st period - Snap shot by Joni Pitkanen.
5:14 of 1st period - Stopped by Maxime Daigneault without a rebound.
5:15 of 1st period - Adam Burish wins face-off versus Sam Gagner in Predators zone.
5:15 of 1st period - Adam Burish is hit by Antoine Roussel.
5:23 of 1st period - Wrist shot by Alexander Ovechkin.
5:23 of 1st period - Shot Misses the Net.
5:25 of 1st period - Slapshot by Christian Ehrhoff.
5:25 of 1st period - Shot Blocked by Joni Pitkanen.
5:27 of 1st period - Slapshot by Barret Jackman.
5:27 of 1st period - Stopped by Michal Neuvirth with a rebound.
5:29 of 1st period - Wrist shot by Alexander Ovechkin.
5:29 of 1st period - Shot Misses the Net.
5:31 of 1st period - Slapshot by Barret Jackman.
5:31 of 1st period - Shot Blocked by Ole-Kristian Tollefsen.
5:42 of 1st period - Minor Penalty to Barret Jackman for Hooking.
5:43 of 1st period - Ryan Hollweg wins face-off versus Joe Thornton in Predators zone.
7:42 of 1st period - Penalty to Barret Jackman is over, Barret Jackman is back on ice.
8:17 of 1st period - Johnny Boychuk is hit by Erik Rasmussen and loses puck.
8:34 of 1st period - Greg Campbell is hit by Josef Vasicek and loses puck.
8:39 of 1st period - Wrist shot by Michael Grabner.
8:39 of 1st period - Shot Blocked by Johnny Boychuk.
9:38 of 1st period - Wrist shot by Antoine Roussel.
9:38 of 1st period - Shot Misses the Net.
9:48 of 1st period - Derick Brassard is hit by Vitali Yachmenev.
10:00 of 1st period - Snap shot by Mike Fisher.
10:00 of 1st period - Stopped by Maxime Daigneault without a rebound.
10:01 of 1st period - Joe Thornton wins face-off versus Mike Fisher in Predators zone.
10:28 of 1st period - Andrei Markov is hit by Derick Brassard and loses puck.
10:55 of 1st period - Wrist shot by Steve Downie.
10:55 of 1st period - Shot Misses the Net.
10:57 of 1st period - Snap shot by Steve Downie.
10:57 of 1st period - Stopped by Maxime Daigneault with a rebound.
10:59 of 1st period - Snap shot by Sam Gagner.
10:59 of 1st period - Deflect By Ryan Mcdonagh.
10:59 of 1st period - Shot Blocked by Alexander Edler.
10:59 of 1st period - Puck is out of play.
11:00 of 1st period - Kris Vernarsky wins face-off versus Sam Gagner in Predators zone.
11:02 of 1st period - Minor Penalty to Barret Jackman for Tripping.
11:03 of 1st period - Joe Thornton wins face-off versus Derick Brassard in Predators zone.
11:47 of 1st period - Brett Clark is hit by Sam Gagner and loses puck.
12:39 of 1st period - Antoine Roussel is hit by Vitali Yachmenev and loses puck.
13:02 of 1st period - Penalty to Barret Jackman is over, Barret Jackman is back on ice.
13:20 of 1st period - Christian Ehrhoff is hit by Jonas Hoglund and loses puck.
13:47 of 1st period - Barret Jackman is hit by Mike Leclerc and loses puck.
14:19 of 1st period - Slapshot by Joe Thornton.
14:19 of 1st period - Shot Misses the Net.
15:06 of 1st period - Daniel Cleary is hit by Erik Rasmussen and loses puck.
15:33 of 1st period - Snap shot by Antoine Roussel.
15:33 of 1st period - Shot Blocked by Brett Clark.
16:08 of 1st period - Jay McKee is hit by Adam Burish and loses puck.
16:56 of 1st period - James Van Riemsdyk is hit by Niclas Bergfors.
17:00 of 1st period - James Van Riemsdyk is hit by Ryan Hollweg and loses puck.
17:11 of 1st period - Brett Clark is hit by Mike Leclerc and loses puck.
17:24 of 1st period - Slapshot by Eric Nystrom.
17:24 of 1st period - Stopped by Michal Neuvirth without a rebound.
17:25 of 1st period - Joe Thornton wins face-off versus Sam Gagner in Sabres zone.
17:32 of 1st period - Alexander Ovechkin is hit by Antoine Roussel and loses puck.
17:51 of 1st period - Christian Ehrhoff is hit by Derick Brassard and loses puck.
17:56 of 1st period - Wrist shot by Ryan Hollweg.
17:56 of 1st period - Shot Blocked by Andy Miele.
19:08 of 1st period - Slapshot by Johnny Boychuk.
19:08 of 1st period - Shot Misses the Net.
19:14 of 1st period - Niclas Bergfors is hit by Ryan Mcdonagh and loses puck.
19:37 of 1st period - Slapshot by Greg Campbell.
19:37 of 1st period - Deflect By Alexander Edler.
19:37 of 1st period - Stopped by Maxime Daigneault without a rebound.
19:38 of 1st period - Joe Thornton wins face-off versus Derick Brassard in Predators zone.
Goals for this period are 1 for Sabres vs 1 for Predators.
Shots for this period are 5 for Sabres vs 6 for Predators.

2nd period


0:01 of 2nd period - Alexander Ovechkin wins face-off versus Derick Brassard in neutral zone.
0:04 of 2nd period - Niclas Bergfors is hit by Alexander Ovechkin and loses puck.
0:09 of 2nd period - Wrist shot by Joe Thornton.
0:09 of 2nd period - Shot Misses the Net.
0:11 of 2nd period - Wrist shot by Alexander Ovechkin.
0:11 of 2nd period - Stopped by Michal Neuvirth without a rebound.
0:12 of 2nd period - Niclas Bergfors wins face-off versus Joe Thornton in Sabres zone.
0:17 of 2nd period - Slapshot by Joni Pitkanen.
0:17 of 2nd period - Stopped by Maxime Daigneault with a rebound.
0:39 of 2nd period - Steve Downie is hit by Michael Grabner and loses puck.
1:04 of 2nd period - Alexander Edler is hit by Greg Campbell and loses puck.
1:13 of 2nd period - Nathan Paetsch is hit by Erik Rasmussen and loses puck.
1:24 of 2nd period - Slapshot by Derick Brassard.
1:24 of 2nd period - Goal by Derick Brassard - Sabres : 2 - Predators : 1.
1:25 of 2nd period - Derick Brassard wins face-off versus Joe Thornton in neutral zone.
1:25 of 2nd period - Derick Brassard is hit by Alexander Ovechkin.
1:28 of 2nd period - Ole-Kristian Tollefsen is hit by Brett Clark and loses puck.
1:33 of 2nd period - Wrist shot by Ryan Hollweg.
1:33 of 2nd period - Stopped by Maxime Daigneault with a rebound.
1:39 of 2nd period - Snap shot by Niclas Bergfors.
1:39 of 2nd period - Stopped by Maxime Daigneault without a rebound.
1:40 of 2nd period - Sam Gagner wins face-off versus Joe Thornton in Predators zone.
2:27 of 2nd period - Snap shot by Eric Nystrom.
2:27 of 2nd period - Goal by Eric Nystrom - Sabres : 2 - Predators : 2.
2:28 of 2nd period - Adam Burish wins face-off versus Derick Brassard in neutral zone.
2:30 of 2nd period - Minor Penalty to Joni Pitkanen for Roughing.
2:31 of 2nd period - Adam Burish wins face-off versus Greg Campbell in Sabres zone.
2:31 of 2nd period - Slapshot by Alexander Ovechkin.
2:31 of 2nd period - Shot Blocked by Ole-Kristian Tollefsen.
2:43 of 2nd period - Mike Leclerc is hit by Adam Burish and loses puck.
4:22 of 2nd period - Andrei Markov is hit by Greg Campbell and loses puck.
4:30 of 2nd period - Penalty to Joni Pitkanen is over, Joni Pitkanen is back on ice.
4:50 of 2nd period - Icing by Michael Grabner.
4:51 of 2nd period - Sam Gagner wins face-off versus Josef Vasicek in Predators zone.
4:52 of 2nd period - Snap shot by Steve Downie.
4:52 of 2nd period - Deflect By Michael Grabner.
4:52 of 2nd period - Shot Blocked by Ryan Mcdonagh.
4:52 of 2nd period - Puck is out of play.
4:53 of 2nd period - Eric Nystrom wins face-off versus Sam Gagner in Predators zone.
4:53 of 2nd period - Eric Nystrom is hit by Tyler Sloan.
5:03 of 2nd period - Slapshot by Ryan Mcdonagh.
5:03 of 2nd period - Deflect By Vitali Yachmenev.
5:03 of 2nd period - Shot Blocked by Nathan Paetsch.
5:03 of 2nd period - Puck is out of play.
5:04 of 2nd period - Derick Brassard wins face-off versus Joe Thornton in Sabres zone.
5:13 of 2nd period - Slapshot by Johnny Boychuk.
5:13 of 2nd period - Stopped by Maxime Daigneault with a rebound.
5:29 of 2nd period - Antoine Roussel is hit by Ryan Mcdonagh and loses puck.
5:35 of 2nd period - Off-side.
5:36 of 2nd period - Derick Brassard wins face-off versus Joe Thornton in neutral zone.
6:06 of 2nd period - Slapshot by Josef Vasicek.
6:06 of 2nd period - Deflect By Michael Grabner.
6:06 of 2nd period - Stopped by Michal Neuvirth with a rebound.
6:08 of 2nd period - Snap shot by Michael Grabner.
6:08 of 2nd period - Stopped by Michal Neuvirth with a rebound.
6:10 of 2nd period - Snap shot by Michael Grabner.
6:10 of 2nd period - Shot Misses the Net.
6:20 of 2nd period - Minor Penalty to Joni Pitkanen for Tripping.
6:21 of 2nd period - Joe Thornton wins face-off versus Greg Campbell in Sabres zone.
6:32 of 2nd period - Snap shot by Joe Thornton.
6:32 of 2nd period - Shot Blocked by Mike Leclerc.
6:34 of 2nd period - Wrist shot by Joe Thornton.
6:34 of 2nd period - Shot Misses the Net.
6:48 of 2nd period - Greg Campbell is hit by Alexander Steen and loses puck.
7:07 of 2nd period - Joe Thornton is hit by Jay McKee and loses puck.
7:16 of 2nd period - Snap shot by Daniel Cleary.
7:16 of 2nd period - Shot Misses the Net.
7:18 of 2nd period - Wrist shot by Mike Fisher.
7:18 of 2nd period - Shot Blocked by Andrei Markov.
7:20 of 2nd period - Slapshot by Jay McKee.
7:20 of 2nd period - Deflect By Christian Ehrhoff.
7:20 of 2nd period - Stopped by Maxime Daigneault without a rebound.
7:21 of 2nd period - Josef Vasicek wins face-off versus Greg Campbell in Predators zone.
7:26 of 2nd period - Slapshot by Alexander Steen.
7:26 of 2nd period - Stopped by Michal Neuvirth without a rebound.
7:27 of 2nd period - Josef Vasicek wins face-off versus Greg Campbell in Sabres zone.
7:50 of 2nd period - Daniel Cleary is hit by Alexander Steen.
7:54 of 2nd period - Slapshot by Alexander Edler.
7:54 of 2nd period - Shot Hit the Post.
7:56 of 2nd period - Slapshot by Ryan Mcdonagh.
7:56 of 2nd period - Shot Blocked by Tyler Sloan.
8:04 of 2nd period - Slapshot by Alexander Edler.
8:04 of 2nd period - Stopped by Michal Neuvirth without a rebound.
8:05 of 2nd period - Greg Campbell wins face-off versus Joe Thornton in Sabres zone.
8:12 of 2nd period - Wrist shot by Alexander Ovechkin.
8:12 of 2nd period - Stopped by Michal Neuvirth without a rebound.
8:13 of 2nd period - Adam Burish wins face-off versus Greg Campbell in Sabres zone.
8:18 of 2nd period - Slapshot by Adam Burish.
8:18 of 2nd period - Shot Misses the Net.
8:20 of 2nd period - Penalty to Joni Pitkanen is over, Joni Pitkanen is back on ice.
8:22 of 2nd period - Snap shot by Joe Thornton.
8:22 of 2nd period - Shot Blocked by Jay McKee.
8:24 of 2nd period - Snap shot by Alexander Ovechkin.
8:24 of 2nd period - Stopped by Michal Neuvirth without a rebound.
8:25 of 2nd period - Joe Thornton wins face-off versus Derick Brassard in Sabres zone.
8:42 of 2nd period - Snap shot by Alexander Ovechkin.
8:42 of 2nd period - Shot Misses the Net.
9:40 of 2nd period - Wrist shot by Daniel Cleary.
9:40 of 2nd period - Goal by Daniel Cleary - Sabres : 3 - Predators : 2.
9:41 of 2nd period - Derick Brassard wins face-off versus Joe Thornton in neutral zone.
9:47 of 2nd period - Minor Penalty to Alexander Ovechkin for Tripping.
9:48 of 2nd period - Joe Thornton wins face-off versus Derick Brassard in Predators zone.
11:47 of 2nd period - Penalty to Alexander Ovechkin is over, Alexander Ovechkin is back on ice.
11:58 of 2nd period - Wrist shot by Michael Rupp.
11:58 of 2nd period - Shot Misses the Net.
12:00 of 2nd period - Wrist shot by Tyler Sloan.
12:00 of 2nd period - Stopped by Maxime Daigneault with a rebound.
12:16 of 2nd period - Snap shot by Michael Grabner.
12:16 of 2nd period - Goal by Michael Grabner - Sabres : 3 - Predators : 3.
12:17 of 2nd period - Sam Gagner wins face-off versus Joe Thornton in neutral zone.
12:26 of 2nd period - Snap shot by Jay McKee.
12:26 of 2nd period - Shot Blocked by Alexander Ovechkin.
12:28 of 2nd period - Slapshot by Steve Downie.
12:28 of 2nd period - Shot Blocked by Alexander Ovechkin.
12:30 of 2nd period - Slapshot by Johnny Boychuk.
12:30 of 2nd period - Stopped by Maxime Daigneault without a rebound.
12:31 of 2nd period - Joe Thornton wins face-off versus Derick Brassard in Predators zone.
12:56 of 2nd period - Joe Thornton is hit by Nathan Paetsch and loses puck.
13:19 of 2nd period - Snap shot by Daniel Cleary.
13:19 of 2nd period - Stopped by Maxime Daigneault without a rebound.
13:20 of 2nd period - James Van Riemsdyk wins face-off versus Daniel Cleary in Predators zone.
13:29 of 2nd period - Slapshot by Michael Grabner.
13:29 of 2nd period - Shot Misses the Net.
13:30 of 2nd period - Minor Penalty to Michael Grabner for Hooking.
13:31 of 2nd period - Joe Thornton wins face-off versus Derick Brassard in Predators zone.
13:56 of 2nd period - Alexander Edler is hit by Joni Pitkanen and loses puck.
15:30 of 2nd period - Penalty to Michael Grabner is over, Michael Grabner is back on ice.
15:47 of 2nd period - Snap shot by Tyler Sloan.
15:47 of 2nd period - Shot Blocked by Andrei Markov.
16:03 of 2nd period - Snap shot by Mike Leclerc.
16:03 of 2nd period - Shot Misses the Net.
16:05 of 2nd period - Slapshot by Nathan Paetsch.
16:05 of 2nd period - Shot Misses the Net.
16:07 of 2nd period - Backhand shot by Mike Leclerc.
16:07 of 2nd period - Shot Misses the Net.
16:09 of 2nd period - Wrist shot by Daniel Cleary.
16:09 of 2nd period - Stopped by Maxime Daigneault without a rebound.
16:10 of 2nd period - Greg Campbell wins face-off versus Eric Nystrom in Predators zone.
17:42 of 2nd period - Slapshot by Michael Rupp.
17:42 of 2nd period - Deflect By Greg Campbell.
17:42 of 2nd period - Stopped by Maxime Daigneault with a rebound.
17:44 of 2nd period - Slapshot by Nathan Paetsch.
17:44 of 2nd period - Stopped by Maxime Daigneault without a rebound.
17:45 of 2nd period - Jonas Hoglund wins face-off versus Joe Thornton in Predators zone.
17:46 of 2nd period - Snap shot by Greg Campbell.
17:46 of 2nd period - Stopped by Maxime Daigneault with a rebound.
18:12 of 2nd period - Alexander Edler is hit by Niclas Bergfors and loses puck.
18:19 of 2nd period - Slapshot by Derick Brassard.
18:19 of 2nd period - Shot Misses the Net.
18:21 of 2nd period - Slapshot by Johnny Boychuk.
18:21 of 2nd period - Stopped by Maxime Daigneault without a rebound.
18:22 of 2nd period - Alexander Ovechkin wins face-off versus Derick Brassard in Predators zone.
19:18 of 2nd period - Snap shot by Niclas Bergfors.
19:18 of 2nd period - Shot Blocked by Andrei Markov.
19:20 of 2nd period - Slapshot by Johnny Boychuk.
19:20 of 2nd period - Stopped by Maxime Daigneault without a rebound.
19:21 of 2nd period - Sam Gagner wins face-off versus Joe Thornton in Predators zone.
Goals for this period are 2 for Sabres vs 2 for Predators.
Shots for this period are 16 for Sabres vs 9 for Predators.

3rd period


0:01 of 3rd period - Joe Thornton wins face-off versus Derick Brassard in neutral zone.
0:06 of 3rd period - Snap shot by Alexander Ovechkin.
0:06 of 3rd period - Stopped by Michal Neuvirth without a rebound.
0:07 of 3rd period - Derick Brassard wins face-off versus Joe Thornton in Sabres zone.
0:07 of 3rd period - Derick Brassard is hit by Alexander Edler.
0:49 of 3rd period - Wrist shot by Joe Thornton.
0:49 of 3rd period - Shot Misses the Net.
0:51 of 3rd period - Snap shot by Alexander Edler.
0:51 of 3rd period - Stopped by Michal Neuvirth with a rebound.
0:53 of 3rd period - Slapshot by Adam Burish.
0:53 of 3rd period - Stopped by Michal Neuvirth without a rebound.
0:54 of 3rd period - Derick Brassard wins face-off versus Josef Vasicek in Sabres zone.
0:56 of 3rd period - Minor Penalty to Ryan Hollweg for Cross-checking.
0:57 of 3rd period - Alexander Steen wins face-off versus Greg Campbell in Sabres zone.
1:09 of 3rd period - Slapshot by Alexander Edler.
1:09 of 3rd period - Shot Misses the Net.
1:11 of 3rd period - Slapshot by Alexander Edler.
1:11 of 3rd period - Deflect By Ole-Kristian Tollefsen.
1:11 of 3rd period - Stopped by Michal Neuvirth with a rebound.
1:13 of 3rd period - Wrist shot by Alexander Steen.
1:13 of 3rd period - Shot Misses the Net.
1:57 of 3rd period - Slapshot by Alexander Steen.
1:57 of 3rd period - Deflect By Josef Vasicek.
1:57 of 3rd period - Shot Misses the Net.
1:57 of 3rd period - Puck is out of play.
1:58 of 3rd period - Josef Vasicek wins face-off versus Greg Campbell in Sabres zone.
2:01 of 3rd period - Backhand shot by Alexander Steen.
2:01 of 3rd period - Stopped by Michal Neuvirth with a rebound.
2:03 of 3rd period - Wrist shot by Michael Grabner.
2:03 of 3rd period - Shot Misses the Net.
2:05 of 3rd period - Snap shot by Josef Vasicek.
2:05 of 3rd period - Stopped by Michal Neuvirth without a rebound.
2:06 of 3rd period - Greg Campbell wins face-off versus Joe Thornton in Sabres zone.
2:17 of 3rd period - Mike Leclerc is hit by Joe Thornton and loses puck.
2:36 of 3rd period - Snap shot by Alexander Edler.
2:36 of 3rd period - Stopped by Michal Neuvirth without a rebound.
2:37 of 3rd period - Mike Fisher wins face-off versus Joe Thornton in Sabres zone.
2:37 of 3rd period - Mike Fisher is hit by Joe Thornton.
2:45 of 3rd period - Slapshot by Alexander Ovechkin.
2:45 of 3rd period - Stopped by Michal Neuvirth with a rebound.
2:47 of 3rd period - Wrist shot by Adam Burish.
2:47 of 3rd period - Stopped by Michal Neuvirth without a rebound.
2:48 of 3rd period - Joe Thornton wins face-off versus Greg Campbell in Sabres zone.
2:49 of 3rd period - Slapshot by Alexander Edler.
2:49 of 3rd period - Shot Blocked by Mike Leclerc.
2:51 of 3rd period - Slapshot by Ryan Mcdonagh.
2:51 of 3rd period - Stopped by Michal Neuvirth without a rebound.
2:52 of 3rd period - Greg Campbell wins face-off versus Joe Thornton in Sabres zone.
2:56 of 3rd period - Penalty to Ryan Hollweg is over, Ryan Hollweg is back on ice.
3:25 of 3rd period - Wrist shot by Joe Thornton.
3:25 of 3rd period - Shot Misses the Net.
3:44 of 3rd period - Minor Penalty to Adam Burish for Hooking.
3:45 of 3rd period - Josef Vasicek wins face-off versus Sam Gagner in Predators zone.
3:50 of 3rd period - Icing by Steve Downie.
3:51 of 3rd period - Sam Gagner wins face-off versus Joe Thornton in Sabres zone.
4:02 of 3rd period - Wrist shot by Antoine Roussel.
4:02 of 3rd period - Stopped by Maxime Daigneault without a rebound.
4:03 of 3rd period - Derick Brassard wins face-off versus Joe Thornton in Predators zone.
4:16 of 3rd period - Slapshot by Ole-Kristian Tollefsen.
4:16 of 3rd period - Shot Blocked by Vitali Yachmenev.
4:18 of 3rd period - Slapshot by Ole-Kristian Tollefsen.
4:18 of 3rd period - Stopped by Maxime Daigneault with a rebound.
5:11 of 3rd period - Slapshot by Johnny Boychuk.
5:11 of 3rd period - Deflect By Brett Clark.
5:11 of 3rd period - Stopped by Maxime Daigneault without a rebound.
5:12 of 3rd period - Joe Thornton wins face-off versus Sam Gagner in Predators zone.
5:25 of 3rd period - Slapshot by Joni Pitkanen.
5:25 of 3rd period - Shot Misses the Net.
5:41 of 3rd period - Icing by Joni Pitkanen.
5:42 of 3rd period - Derick Brassard wins face-off versus Josef Vasicek in Sabres zone.
5:44 of 3rd period - Penalty to Adam Burish is over, Adam Burish is back on ice.
6:38 of 3rd period - Snap shot by Mike Fisher.
6:38 of 3rd period - Stopped by Maxime Daigneault with a rebound.
7:04 of 3rd period - Snap shot by Joe Thornton.
7:04 of 3rd period - Shot Misses the Net.
7:23 of 3rd period - Icing by Alexander Steen.
7:24 of 3rd period - Kris Vernarsky wins face-off versus Derick Brassard in Predators zone.
7:24 of 3rd period - Kris Vernarsky is hit by Ryan Hollweg.
7:41 of 3rd period - Slapshot by Kris Vernarsky.
7:41 of 3rd period - Stopped by Michal Neuvirth with a rebound.
7:53 of 3rd period - Snap shot by Andrei Markov.
7:53 of 3rd period - Stopped by Michal Neuvirth without a rebound.
7:54 of 3rd period - Joe Thornton wins face-off versus Sam Gagner in Sabres zone.
8:19 of 3rd period - Ole-Kristian Tollefsen is hit by Ryan Mcdonagh and loses puck.
8:43 of 3rd period - Snap shot by Erik Rasmussen.
8:43 of 3rd period - Stopped by Michal Neuvirth with a rebound.
8:45 of 3rd period - Snap shot by Ryan Mcdonagh.
8:45 of 3rd period - Shot Blocked by Jonas Hoglund.
8:57 of 3rd period - Minor Penalty to Greg Campbell for Holding.
8:58 of 3rd period - Joe Thornton wins face-off versus Sam Gagner in Sabres zone.
8:59 of 3rd period - Wrist shot by Adam Burish.
8:59 of 3rd period - Stopped by Michal Neuvirth with a rebound.
9:07 of 3rd period - Snap shot by Joe Thornton.
9:07 of 3rd period - Shot Misses the Net.
9:09 of 3rd period - Slapshot by Andrei Markov.
9:09 of 3rd period - Shot Blocked by Ole-Kristian Tollefsen.
9:13 of 3rd period - Snap shot by Adam Burish.
9:13 of 3rd period - Stopped by Michal Neuvirth without a rebound.
9:14 of 3rd period - Sam Gagner wins face-off versus Joe Thornton in Sabres zone.
9:29 of 3rd period - Slapshot by Alexander Ovechkin.
9:29 of 3rd period - Stopped by Michal Neuvirth with a rebound.
9:39 of 3rd period - Ole-Kristian Tollefsen is hit by Ryan Mcdonagh.
10:57 of 3rd period - Penalty to Greg Campbell is over, Greg Campbell is back on ice.
11:05 of 3rd period - Ole-Kristian Tollefsen is hit by Eric Nystrom and loses puck.
11:22 of 3rd period - Wrist shot by Greg Campbell.
11:22 of 3rd period - Stopped by Maxime Daigneault with a rebound.
11:38 of 3rd period - Slapshot by Ryan Hollweg.
11:38 of 3rd period - Stopped by Maxime Daigneault with a rebound.
11:40 of 3rd period - Wrist shot by Joni Pitkanen.
11:40 of 3rd period - Shot Misses the Net.
11:42 of 3rd period - Snap shot by Greg Campbell.
11:42 of 3rd period - Stopped by Maxime Daigneault without a rebound.
11:43 of 3rd period - Steve Downie wins face-off versus Erik Rasmussen in Predators zone.
11:48 of 3rd period - Snap shot by Steve Downie.
11:48 of 3rd period - Shot Misses the Net.
12:19 of 3rd period - Ryan Hollweg is hit by Josef Vasicek and loses puck.
12:32 of 3rd period - Slapshot by Michael Grabner.
12:32 of 3rd period - Stopped by Michal Neuvirth without a rebound.
12:33 of 3rd period - Sam Gagner wins face-off versus Joe Thornton in Sabres zone.
12:50 of 3rd period - Backhand shot by Ryan Mcdonagh.
12:50 of 3rd period - Shot Hit the Post.
13:46 of 3rd period - Wrist shot by Alexander Steen.
13:46 of 3rd period - Shot Misses the Net.
13:48 of 3rd period - Snap shot by Ryan Mcdonagh.
13:48 of 3rd period - Shot Misses the Net.
13:50 of 3rd period - Slapshot by Ryan Mcdonagh.
13:50 of 3rd period - Shot Misses the Net.
13:52 of 3rd period - Slapshot by Ryan Mcdonagh.
13:52 of 3rd period - Stopped by Michal Neuvirth with a rebound.
13:54 of 3rd period - Snap shot by Andy Miele.
13:54 of 3rd period - Shot Blocked by Niclas Bergfors.
13:56 of 3rd period - Slapshot by Ryan Mcdonagh.
13:56 of 3rd period - Deflect By Andy Miele.
13:56 of 3rd period - Stopped by Michal Neuvirth with a rebound.
14:32 of 3rd period - Snap shot by Michael Grabner.
14:32 of 3rd period - Shot Misses the Net.
14:53 of 3rd period - Wrist shot by Vitali Yachmenev.
14:53 of 3rd period - Shot Misses the Net.
14:55 of 3rd period - Snap shot by Vitali Yachmenev.
14:55 of 3rd period - Stopped by Michal Neuvirth with a rebound.
14:57 of 3rd period - Wrist shot by Eric Nystrom.
14:57 of 3rd period - Goal by Eric Nystrom - Sabres : 3 - Predators : 4.
14:58 of 3rd period - Derick Brassard wins face-off versus Joe Thornton in neutral zone.
15:07 of 3rd period - Snap shot by Alexander Ovechkin.
15:07 of 3rd period - Stopped by Michal Neuvirth without a rebound.
15:08 of 3rd period - Derick Brassard wins face-off versus Joe Thornton in Sabres zone.
15:22 of 3rd period - Christian Ehrhoff is hit by Nathan Paetsch and loses puck.
16:01 of 3rd period - Backhand shot by Ryan Hollweg.
16:01 of 3rd period - Deflect By Niclas Bergfors.
16:01 of 3rd period - Shot Misses the Net.
16:01 of 3rd period - Puck is out of play.
16:02 of 3rd period - Greg Campbell wins face-off versus Kris Vernarsky in Predators zone.
16:05 of 3rd period - Wrist shot by Michael Rupp.
16:05 of 3rd period - Deflect By Andy Miele.
16:05 of 3rd period - Shot Blocked by Alexander Edler.
16:05 of 3rd period - Puck is out of play.
16:06 of 3rd period - Greg Campbell wins face-off versus Kris Vernarsky in Predators zone.
16:13 of 3rd period - Wrist shot by Jonas Hoglund.
16:13 of 3rd period - Stopped by Maxime Daigneault without a rebound.
16:14 of 3rd period - Michael Rupp wins face-off versus Erik Rasmussen in Predators zone.
16:15 of 3rd period - Wrist shot by Greg Campbell.
16:15 of 3rd period - Stopped by Maxime Daigneault with a rebound.
16:17 of 3rd period - Slapshot by Joni Pitkanen.
16:17 of 3rd period - Shot Blocked by Alexander Edler.
16:19 of 3rd period - Wrist shot by Jonas Hoglund.
16:19 of 3rd period - Deflect By Michael Rupp.
16:19 of 3rd period - Stopped by Maxime Daigneault without a rebound.
16:20 of 3rd period - Greg Campbell wins face-off versus Erik Rasmussen in Predators zone.
16:26 of 3rd period - Minor Penalty to Vitali Yachmenev for Interference.
16:27 of 3rd period - Derick Brassard wins face-off versus Joe Thornton in Predators zone.
16:31 of 3rd period - Wrist shot by Niclas Bergfors.
16:31 of 3rd period - Shot Blocked by Alexander Edler.
16:33 of 3rd period - Slapshot by Ole-Kristian Tollefsen.
16:33 of 3rd period - Stopped by Maxime Daigneault without a rebound.
16:34 of 3rd period - Derick Brassard wins face-off versus Joe Thornton in Predators zone.
16:37 of 3rd period - Slapshot by Derick Brassard.
16:37 of 3rd period - Stopped by Maxime Daigneault without a rebound.
16:38 of 3rd period - Joe Thornton wins face-off versus Derick Brassard in Predators zone.
16:38 of 3rd period - Joe Thornton is hit by Niclas Bergfors.
17:09 of 3rd period - Off-side.
17:10 of 3rd period - Eric Nystrom wins face-off versus Derick Brassard in neutral zone.
18:26 of 3rd period - Penalty to Vitali Yachmenev is over, Vitali Yachmenev is back on ice.
18:53 of 3rd period - Ryan Mcdonagh is hit by Ryan Hollweg and loses puck.
18:56 of 3rd period - Sabres, Michal Neuvirth is pulled from the net.
19:02 of 3rd period - Slapshot by Derick Brassard.
19:02 of 3rd period - Stopped by Maxime Daigneault with a rebound.
19:04 of 3rd period - Snap shot by Niclas Bergfors.
19:04 of 3rd period - Stopped by Maxime Daigneault with a rebound.
19:14 of 3rd period - Snap shot by Derick Brassard.
19:14 of 3rd period - Shot Misses the Net.
19:20 of 3rd period - Wrist shot by Niclas Bergfors.
19:20 of 3rd period - Stopped by Maxime Daigneault without a rebound.
19:21 of 3rd period - Jacques Martin call a timeout for Sabres.
19:21 of 3rd period - Joe Thornton wins face-off versus Derick Brassard in Predators zone.
19:30 of 3rd period - Snap shot by Niclas Bergfors.
19:30 of 3rd period - Deflect By Derick Brassard.
19:30 of 3rd period - Stopped by Maxime Daigneault with a rebound.
19:32 of 3rd period - Wrist shot by Joni Pitkanen.
19:32 of 3rd period - Shot Misses the Net.
19:34 of 3rd period - Snap shot by Niclas Bergfors.
19:34 of 3rd period - Deflect By Joe Thornton.
19:34 of 3rd period - Shot Blocked by Joe Thornton.
19:34 of 3rd period - Puck is out of play.
19:35 of 3rd period - Joe Thornton wins face-off versus Derick Brassard in Predators zone.
19:40 of 3rd period - Snap shot by Joe Thornton.
19:40 of 3rd period - Shot Misses the Net.
19:46 of 3rd period - Slapshot by Niclas Bergfors.
19:46 of 3rd period - Stopped by Maxime Daigneault with a rebound.
19:56 of 3rd period - Wrist shot by Derick Brassard.
19:56 of 3rd period - Stopped by Maxime Daigneault with a rebound.
19:58 of 3rd period - Snap shot by Ole-Kristian Tollefsen.
19:58 of 3rd period - Stopped by Maxime Daigneault with a rebound.
Goals for this period are 0 for Sabres vs 1 for Predators.
Shots for this period are 19 for Sabres vs 22 for Predators.


Output by the SimonT Hockey Simulator (STHS) for François Prévost -- Original Page W3C XHTML 1.0 Valid
Hockey Simulator - Hockey Simulation - Hockey Manager